 Dungeon Crawl Stone Soup version 0.29.1-12-g30fa7ad0bf (webtiles) character file.

Game seed: 17239382207201663664

124 FexLirch the Digger (level 5, 0/27 (31) HPs)
             Began as an Octopode Earth Elementalist on Dec 26, 2022.
             Slain by Terence
             ... wielding the +7 Throatcutter {drain, coup de grace}
              (1 damage)
             ... on level 2 of the Dungeon.
             The game lasted 00:02:51 (1833 turns).

FexLirch the Digger (Octopode Earth Elementalist)   Turns: 1833, Time: 00:02:52

HP:   0/27 (31)     AC:  1    Str:  8    XL:     5   Next: 8%
MP:   7/8           EV: 13    Int: 19    God:
Gold: 88            SH:  0    Dex: 12    Spells: 4/8 levels left

rFire   . . .      SeeInvis .   (no weapon)
rCold   . . .      Faith    .   (no shield)
rNeg    . . .      Spirit   .   (helmet restricted)
rPois   .          Reflect  .   (no amulet)
rElec   .          Harm     .   (no ring)
rCorr   .          Rampage  .   (no ring)
Will    .....                   (no ring)
Stlth   +++.......              (no ring)
HPRegen 0.09/turn               (no ring)
MPRegen 0.11/turn               (no ring)
                                (no ring)
                                (no ring)

@: heavily drained
A: almost no armour, amphibious, 8 rings, camouflage 1, gelatinous body 1,
(nimble swimmer 1), tentacles
a: no special abilities


You were on level 2 of the Dungeon.
You visited 1 branch of the dungeon, and saw 3 of its levels.

You collected 88 gold pieces.

Inventory:

Scrolls
 b - a scroll of teleportation {unknown}
 c - a scroll of identify
 d - a scroll of fog
 e - a scroll of torment {unknown}
 f - a scroll of acquirement {unknown}
 h - a scroll of poison {unknown}
Potions
 i - a potion of resistance {unknown}


   Skills:
 - Level 2.0 Dodging
 - Level 2.7 Stealth
 - Level 2.0 Spellcasting
 + Level 2.2 Conjurations
 - Level 1.0 Transmutations
 + Level 4.9 Earth Magic


You had 4 spell levels left.
You knew the following spells:

 Your Spells              Type           Power      Damage    Failure   Level
a - Sandblast             Erth           40%        2d10      2%          1
b - Stone Arrow           Conj/Erth      30%        3d8       12%         3

Your spell library contained the following spells:

 Spells                   Type           Power      Damage    Failure   Level
 Passwall                 Tmut/Erth      10%        N/A       8%          2
 Petrify                  Tmut/Erth      13%        N/A       43%         4


Dungeon Overview and Level Annotations

Branches:
Dungeon (3/15)

Altars:
Xom

Annotations:
D:2 Robin, Terence


Innate Abilities, Weirdness & Mutations

You cannot wear most types of armour.
You are amphibious.
You can wear up to eight rings at the same time.
Your skin changes colour to match your surroundings (Stealth+).
Your rubbery body absorbs attacks. (AC +1, EV +1)
((You are camouflaged when in or above water. (Stealth+)))
You have tentacles for arms and can constrict up to eight enemies at once.


Message History

Casting: Stone Arrow (quite dangerous; 12% risk of failure)
Confirm with . or Enter, or press ? or * to list all spells.
Aiming: Stone Arrow (quite dangerous; 12% risk of failure)
Press: ? - help, Shift-Dir - straight line, f/p - Terence
Aim: Terence, wielding the +7 Throatcutter {drain, coup de grace} and wearing a +0 scale mail (72% to hit)
The stone arrow hits Terence!
Terence is heavily wounded.
The blast of sand hits Terence.
Terence is severely wounded.
The blast of sand hits Terence.
Terence is almost dead.
Terence hits you with the +7 Throatcutter {drain, coup de grace}!
You feel drained.
Terence hits you with the +7 Throatcutter {drain, coup de grace}.
You feel drained.
Press: ? - help, v - describe, . - travel
Here: Terence, wielding the +7 Throatcutter {drain, coup de grace} and wearing a +0 scale mail (almost dead)
The floor.
Unknown command.
Unknown command.
Unknown command.
As you read the scroll labelled MINIDE DAMMU, it crumbles to dust.
It is a scroll of identify.
d - a scroll of fog Terence hits you with the +7 Throatcutter {drain, coup de grace}!
* * * LOW HITPOINT WARNING * * *
You feel drained.
* * * LOW HITPOINT WARNING * * *
Magic courses through your body. Terence misses you.
Casting: Sandblast (safe; 2% risk of failure)
Confirm with . or Enter, or press ? or * to list all spells.
Aiming: Sandblast (safe; 2% risk of failure)
Press: ? - help, Shift-Dir - straight line, f/p - Terence
Aim: Terence, wielding the +7 Throatcutter {drain, coup de grace} and wearing a +0 scale mail (almost dead, 85% to hit)
The blast of sand hits Terence but does no damage.
Terence is almost dead.
Terence hits you with the +7 Throatcutter {drain, coup de grace}.
* * * LOW HITPOINT WARNING * * *
You feel drained.
You die...

.##
#############.##...<#^#
## #......#######.#
#########
#...<..........#
#..(....#
#......#######.#
###.......# #......# #.#
..#.......#####......###
#.#
...............##......#
#.#
#.#.......####..#......#
##.#### #.#.......#
##.@@.....# #......
..##....### ##.......#
#...... ........#
#.......# #..(...
........# ##...>..#
##.#### ........#
#####.###### ###.## #
...#.#### #......#
#....# # .#...# #......#
#.#..# # ....## #......#
#.#..# # ..).#
#####)########.#..# #


You could see Terence.

Vanquished Creatures
  Natasha (D:2)
  5 adders
  6 endoplasms
  5 giant cockroaches
  9 goblins
  8 hobgoblins
  3 jackals
  2 quokkas
  A ball python (D:1)
  A bat (D:1)
  2 frilled lizards (D:1)
  5 kobolds
  5 rats
53 creatures vanquished.

Notes
Turn   | Place    | Note
-------+----------+-------------------------------------------
     0 | D:1      | FexLirch the Octopode Earth Elementalist began the quest
                  | for the Orb.
     0 | D:1      | Reached XP level 1. HP: 11/11 MP: 3/3
   184 | D:1      | Reached XP level 2. HP: 17/17 MP: 0/5
   660 | D:1      | Reached skill level 4 in Earth Magic
   750 | D:1      | Found a faded altar of an unknown god.
   821 | D:2      | Reached XP level 3. HP: 21/21 MP: 3/6
   825 | D:2      | Learned a level 3 spell: Stone Arrow
  1039 | D:2      | Noticed Robin
  1052 | D:2      | Noticed Terence
  1114 | D:3      | Reached skill level 1 in Conjurations
  1114 | D:3      | Reached XP level 4. HP: 26/27 MP: 5/7
  1365 | D:2      | Noticed Natasha
  1528 | D:2      | Killed Natasha
  1659 | D:2      | Reached XP level 5. HP: 31/31 MP: 6/8
  1714 | D:2      | Found a shimmering altar of Xom.
  1833 | D:2      | HP: 1/28 [Terence/the +7 Throatcutter {drain, coup de
                  | grace} (3)]
  1833 | D:2      | Slain by Terence

Illustrated notes

Levels and vault maps discovered:
D:1:      amcnicky_arrival_underground_garden, layout_rooms,
          dreamdust_ecumenical_altar_sealed_demon
D:2:      layout_basic, basic_altar, uniq_natasha, uniq_robin, uniq_terence
D:3:      layout_loops_ring, mainiacjoe_overflow_six_doors_small,
          nicolae_hepliaklqana_monster_ancestors,
          hangedman_decor_clover_reticule

Skill      XL: |  1  2  3  4 |
---------------+-------------+-----
Earth Magic    | 4 |  4.9
Conjurations   | 1 2 |  2.2
Dodging        | |  2.0
Stealth        | |  2.7
Spellcasting   | |  2.0
Transmutations | |  1.0

Action                   |  1- 3 |  4- 6 || total
-------------------------+-------+-------++-------
Melee: Unarmed           |     4 |    11 ||    15
       Constrict         |     2 |     2 ||     4
       Tentacles         |     1 |     3 ||     4
 Cast: Sandblast         |    43 |    27 ||    70
       Stone Arrow       |       |     2 ||     2
  Use: Potion            |     2 |     1 ||     3
       Scroll            |       |     1 ||     1
Armor: Skin              |     3 |     1 ||     4
Dodge: Dodged            |    25 |    26 ||    51
